 Dungeon Crawl Stone Soup version 0.29-a0-330-g52719c12eb (webtiles) character file.

Game seed: 9839058139469608126

3311 kae the Arsonist (level 10, -1/56 HPs)
             Began as an Octopode Fire Elementalist on Apr 23, 2022.
             Was a Follower of Ashenzari.
             Slain by a steam dragon (11 damage)
             ... on level 8 of the Dungeon.
             The game lasted 00:06:05 (13126 turns).

kae the Arsonist (Octopode Fire Elementalist)      Turns: 13126, Time: 00:06:05

Health: -1/56      AC:  1    Str: 14    XL:     10   Next: 1%
Magic:  21/30      EV: 13    Int: 21    God:    Ashenzari [*.....]
Gold:   363        SH:  5    Dex: 13    Spells: 11/24 levels left

rFire   . . .      SeeInvis .   s - +1 mace (protect)
rCold   . . .      Faith    .   (no shield)
rNeg    . . .      Spirit   .   (helmet restricted)
rPois   .          Reflect  +   n - amulet of reflection
rElec   .          Harm     .   g - ring of Ashenzari's Yoke {Fly, Fort, Elem} (curse)
rCorr   .          Rampage  .   h - ring "Shackled Together" {MP+9, Elem, Evo} (curse)
Will    .....                   j - +6 ring of strength
Stlth   +++.......              (no ring)
HPRegen 0.18/turn               (no ring)
MPRegen 0.22/turn               (no ring)
                                (no ring)
                                (no ring)

@: flying
A: almost no armour, amphibious, 8 rings, camouflage 1, gelatinous body 1,
(nimble swimmer 1), tentacles
a: Renounce Religion, Shatter the Chains


You were on level 8 of the Dungeon.
You worshipped Ashenzari.
Ashenzari was aware of your devotion.
You visited 2 branches of the dungeon, and saw 9 of its levels.

You collected 363 gold pieces.

Inventory:

Hand Weapons
 s - a +1 mace of protection (weapon)
Jewellery
 g - the cursed ring of Ashenzari's Yoke (left tentacle) {Fly, Fort, Elem}
   (You found it on level 2 of the Dungeon)

   [ring of flight]

   Fly:       It grants you flight.
   It has a curse which improves the following skills: Fortitude: Shields.
   Elements:  Fire Magic, Ice Magic, Air Magic and Earth Magic.
 h - the cursed ring "Shackled Together" (right tentacle) {MP+9, Elem, Evo}
   (You found it on level 3 of the Dungeon)

   [ring of magical power]

   MP:        It affects your magic capacity (+9).
   It has a curse which improves the following skills: Elements: Fire Magic, Ice
   Magic, Air Magic and Earth Magic.
   Evocations: Evocations.
 j - a +6 ring of strength (on tentacle)
 n - an amulet of reflection (around mantle)
 o - an amulet of guardian spirit
Wands
 p - a wand of iceblast (8)
 q - a wand of acid (8)
Scrolls
 e - 3 scrolls of noise
 r - a scroll of identify
 u - a scroll of enchant armour
Potions
 a - 2 potions of magic
 b - a potion of haste
 c - 2 potions of lignification
 d - 3 potions of degeneration
 f - 2 potions of flight
 i - 2 potions of invisibility
 k - a potion of berserk rage
 l - 4 potions of curing
 m - a potion of mutation
 v - 2 potions of might


   Skills:
 - Level 2.0 Dodging
 - Level 2.6 Stealth
 + Level 7.6 Spellcasting
 + Level 8.0 Conjurations
 + Level 8.6(9.9) Fire Magic


You had 11 spell levels left.
You knew the following spells:

 Your Spells              Type           Power      Damage    Failure   Level
a - Foxfire               Conj/Fire      100%       2x1d9     1%          1
b - Scorch                Fire           98%        2d9       1%          2
c - Conjure Flame         Conj/Fire      45%        6-21      1%          3
d - Inner Flame           Hex/Fire       28%        N/A       3%          3
e - Flame Wave            Conj/Fire      45%        2d10      1%          4

Your spell library contained the following spells:

 Spells                   Type           Power      Damage    Failure   Level
 Shock                    Conj/Air       100%       1d9       1%          1
 Stone Arrow              Conj/Erth      50%        3d10      4%          3
 Sandblast                Erth           16%        2d6       8%          1
 Animate Skeleton         Necr           14%        N/A       9%          1
 Beastly Appendage        Tmut           14%        N/A       9%          1
 Pain                     Necr           28%        1d5       9%          1
 Passwall                 Tmut/Erth      6%         N/A       12%         2
 Wereblood                Tmut           7%         N/A       13%         2
 Swiftness                Air            8%         N/A       24%         3
 Gell's Gravitas          Tloc           7%         N/A       26%         3
 Lesser Beckoning         Tloc           7%         N/A       26%         3
 Spider Form              Tmut/Pois      7%         N/A       26%         3
 Teleport Other           Tloc           7%         N/A       26%         3
 Vampiric Draining        Necr           7%         2d6       26%         3
 Airstrike                Air            4%         N/A       61%         4


Dungeon Overview and Level Annotations

Branches:
Dungeon (8/15)             Temple (1/1) D:5
   Lair: D:8-11

Altars:
Ashenzari
Cheibriados
Dithmenos
Elyvilon
Fedhas
Gozag
Hepliaklqana
Kikubaaqudgha
Makhleb
Nemelex Xobeh
Okawaru
Qazlal
Ru
Sif Muna
Trog
Uskayaw
Vehumet
Wu Jian
Xom
Yredelemnul
The Shining One

Portals:
Abyss: D:8

Annotations:
D:8 2 transporters, robertstho's ghost, novice DEFE


Innate Abilities, Weirdness & Mutations

You cannot wear most types of armour.
You are amphibious.
You can wear up to eight rings at the same time.
Your skin changes colour to match your surroundings (Stealth+).
Your rubbery body absorbs attacks. (AC +1, EV +1)
((You are camouflaged when in or above water. (Stealth+)))
You have tentacles for arms and can constrict up to eight enemies at once.


Message History

The steam dragon breathes steam at you. The ball of steam hits you!!
You don't have any unidentified items.
What are your orders? t - Shout!
Orders for allies: a - Attack new target. r - Retreat! s - Stop attacking. g - Guard the area. f - Follow me.
Anything else - Cancel.
Okay, then.
Unknown command.
As you read the scroll of teleportation, it crumbles to dust.
You feel strangely unstable.
The orc is engulfed in a cloud of scalding steam.
Casting: Foxfire (safe; 1% risk of failure)
Confirm with . or Enter, or press ? or * to list all spells.
Flames lash the orc.
You kill the orc!
Your surroundings suddenly seem different.
Casting: Scorch (safe; 1% risk of failure)
Confirm with . or Enter, or press ? or * to list all spells.
Flames lash the steam dragon.
The steam dragon is heavily wounded.
The steam dragon's fire resistance burns away.
The steam dragon breathes steam at you. The ball of steam hits you!
You are engulfed in a cloud of scalding steam.
Casting: Scorch (safe; 1% risk of failure)
Confirm with . or Enter, or press ? or * to list all spells.
Flames lash the steam dragon.
The steam dragon is burned terribly!
The steam dragon is severely wounded.
You are engulfed in a cloud of scalding steam.
* * * LOW HITPOINT WARNING * * *
You block the steam dragon's attack. The steam dragon closely misses you.
The steam dragon completely misses you. You block the steam dragon's attack.
Casting: Scorch (safe; 1% risk of failure)
Confirm with . or Enter, or press ? or * to list all spells.
Flames lash the steam dragon but do no damage.
The steam dragon bites you!
You die...

...####### .........#
##.#####v# # ##. ###<#
####. . ##..###§#.####.....
# #..?....[........... # #
#..##...§...........##
###.##..#.@.....##...##..##
.........D......# ####....
#.##..#.).....## ##...
#............## #####.#.
####..###...## #.......
#.)##(....#####.......
#.....................
######..##......###...###.#
..............#.# #...#.###


You could see a steam dragon (combustible).

Vanquished Creatures
  Maggie (D:8)
  A steam dragon (D:7)
  An orc warrior (D:6)
  3 ogres
  5 ice beasts
  2 sky beasts
  2 black bears
  A centaur (D:7)
  5 kobold brigands
  A bullfrog (D:7)
  5 necrophages
  2 scorpions
  3 wights (D:7)
  A howler monkey (D:6)
  A jelly (D:5)
  3 orc priests
  2 gnoll shamans
  A hound (D:4)
  2 iguanas (D:5)
  4 orc wizards
  10 gnolls
  3 adders
  A white imp (D:6)
  A worm (D:4)
  4 dart slugs
  38 orcs
  8 ball pythons
  6 bats
  6 endoplasms
  3 giant cockroaches
  6 goblins
  8 hobgoblins
  4 jackals (D:2)
  3 quokkas
  8 frilled lizards (D:2)
  20 kobolds
  9 rats
184 creatures vanquished.

Vanquished Creatures (collateral kills)
  7 foxfires (D:1)
7 creatures vanquished.

Vanquished Creatures (others)
  629 foxfires
  6 plants
635 creatures vanquished.

Grand Total: 826 creatures vanquished

Notes
Turn   | Place    | Note
-------+----------+-------------------------------------------
     0 | D:1      | kae the Octopode Fire Elementalist began the quest for the
                  | Orb.
     0 | D:1      | Reached XP level 1. HP: 11/11 MP: 3/3
   189 | D:1      | Reached XP level 2. HP: 17/17 MP: 0/5
   451 | D:1      | Found a faded altar of an unknown god.
  1091 | D:1      | Reached XP level 3. HP: 17/21 MP: 2/6
  2049 | D:2      | Reached XP level 4. HP: 27/27 MP: 5/8
  3158 | D:3      | Reached XP level 5. HP: 11/31 MP: 3/9
  3701 | D:3      | Noticed a sky beast
  3711 | D:3      | Killed a sky beast
  3851 | D:3      | Learned a level 2 spell: Scorch
  3855 | D:3      | Learned a level 3 spell: Conjure Flame
  3859 | D:3      | Learned a level 3 spell: Inner Flame
  4075 | D:4      | Reached XP level 6. HP: 36/36 MP: 8/11
  5168 | D:5      | Entered Level 5 of the Dungeon
  5301 | D:5      | Noticed a black bear
  5313 | D:4      | Killed a black bear
  5314 | D:4      | Reached skill level 5 in Fire Magic
  5314 | D:4      | Reached XP level 7. HP: 9/41 MP: 13/13
  5879 | D:5      | Found a staircase to the Ecumenical Temple.
  6028 | Temple   | Entered the Ecumenical Temple
  6668 | Temple   | Became a worshipper of Ashenzari the Shackled
  6993 | D:5      | Reached XP level 8. HP: 46/46 MP: 15/15
  7128 | D:5      | Reached skill level 5 in Spellcasting
  7128 | D:5      | Reached skill level 5 in Conjurations
  9417 | D:7      | Reached XP level 9. HP: 19/51 MP: 18/18
 10217 | D:7      | Learned a level 4 spell: Flame Wave
 11041 | D:7      | HP: 1/51 [something] (6)]
 11354 | D:7      | HP: 1/51 [something] (12)]
 12546 | D:8      | Found a transporter.
 12594 | D:8      | Found a transporter.
 12611 | D:8      | Found a one-way gate to the infinite horrors of the Abyss.
 12611 | D:8      | Noticed robertstho's ghost (novice DEFE)
 12616 | D:8      | Reached * piety under Ashenzari
 12715 | D:8      | Noticed Maggie
 12726 | D:8      | Killed Maggie
 12881 | D:8      | Reached XP level 10. HP: 33/56 MP: 21/21
 13126 | D:8      | Slain by a steam dragon

Illustrated notes

Levels and vault maps discovered:
D:1:      erik_arrival_orb_chamber, layout_basic, basic_ecumenical_altar,
          serial_forest, infiniplex_forest_zigzag_1, infiniplex_forest_end_3,
          infiniplex_forest_end_2, infiniplex_forest_clump_double,
          infiniplex_forest_lined_3, infiniplex_forest_lined_1
D:2:      layout_basic, chequers_serial_rivers_micro_b, minmay_lizard_king
D:3:      layout_rooms
D:4:      layout_basic
D:5:      layout_rooms, minmay_temple_entry_mini_moons,
          kennysheep_big_empty_room, serial_bayou_pond_d
D:6:      layout_basic, hangedman_decor_diamond_cutter
D:7:      kennysheep_spiral_hall, layout_gridville, serial_park_tiny_1
D:8:      layout_loops_ring, gammafunk_ghost_abyssal_escape, uniq_maggie
Temple:   nicolae_temple_the_god_donut

Skill      XL: |  1  2  3  4  5  6  7  8  9 |
---------------+----------------------------+-----
Conjurations   | 2 3 4 6 8 |  8.0
Spellcasting   | 3 4 6 7 |  7.6
Fire Magic     | 4 5 7 8 |  8.6
Dodging        | |  2.0
Stealth        | |  2.6

Action                   |  1- 3 |  4- 6 |  7- 9 | 10-12 || total
-------------------------+-------+-------+-------+-------++-------
Melee: Unarmed           |    11 |    15 |     2 |       ||    28
       Constrict         |     5 |     4 |     2 |       ||    11
       Tentacles         |     3 |     3 |     1 |       ||     7
       Mace              |       |       |     1 |       ||     1
 Cast: Foxfire           |    68 |   113 |   171 |     9 ||   361
       Scorch            |       |    10 |    72 |     4 ||    86
       Conjure Flame     |       |       |     8 |       ||     8
       Inner Flame       |       |       |     3 |       ||     3
Invok: Curse Item        |       |       |     2 |       ||     2
  Use: Scroll            |     3 |     7 |     6 |     1 ||    17
       Potion            |       |       |     2 |       ||     2
 Stab: Sleeping          |     2 |       |       |       ||     2
Armor: Skin              |     5 |     2 |     5 |       ||    12
Dodge: Dodged            |    22 |    45 |    67 |     2 ||   136
Block: Other             |       |     1 |    20 |     2 ||    23
       Reflection        |       |       |     3 |       ||     3

Table legend: (Time is in decaauts)
 A = Elapsed time spent in this place.
 B = Non-inter-level travel time spent in this place.
 C = Inter-level travel time spent in this place.
 D = Time resting spent in this place.
 E = Time spent auto-exploring this place.
 F = Levels seen in this place.
 G = Mean time per level.
                   A        B        C        D        E       F      G
               +--------+--------+--------+--------+--------+-----+--------+
         Total |  13128 |  12738 |    390 |   2510 |   8650 |   9 | 1458.7 |
       Dungeon |  12479 |  12144 |    335 |   2510 |   8073 |   8 | 1559.9 |
        Temple |    649 |    595 |     54 |      0 |    577 |   1 |  649.0 |
               +--------+--------+--------+--------+--------+-----+--------+

Top non-repeatable levels by time:
     D:7: 3521 daAuts
     D:6: 1664 daAuts
     D:4: 1533 daAuts
     D:1: 1440 daAuts
     D:2: 1263 daAuts
     D:3: 1180 daAuts
     D:5: 1175 daAuts
     D:8: 699 daAuts
  Temple: 649 daAuts
